 Dungeon Crawl Stone Soup version 0.27-a0-1188-g73eefd5def (webtiles) character file.

Game seed: 12844330545369479254

971 Lemonice the Poker (level 8, 0/61 HPs)
             Began as a Merfolk Gladiator on May 21, 2021.
             Slain by a phantom (3 damage)
             ... on level 6 of the Dungeon on May 22, 2021.
             The game lasted 00:12:19 (6633 turns).

Lemonice the Poker (Merfolk Gladiator)              Turns: 6633, Time: 00:12:19

Health: 0/61       AC:  8    Str: 16    XL:     8   Next: 16%
Magic:  11/11      EV: 14    Int:  8    God:
Gold:   222        SH:  0    Dex: 15    Spells: 8/11 levels left

rFire    + . .     SeeInvis .   a - +0 trident
rCold    + . .     Faith    .   (no shield)
rNeg     . . .     Spirit   .   b - +0 leather armour
rPois    .         Reflect  .   c - +0 helmet
rElec    .         Harm     .   F - +2 cloak of Eternity {Rampage rF+}
rCorr    .         Rampage  +   e - +0 pair of gloves
Will     .....                  (no boots)
Stlth    +.........             (no amulet)
HPRegen  0.20/turn              j - ring of protection from cold
MPRegen  0.12/turn              (no ring)

@: confused, ambrosia-drunk
A: (nimble swimmer 2), mertail
a: no special abilities


You were on level 6 of the Dungeon.
You visited 1 branch of the dungeon, and saw 6 of its levels.
You also visited: Ossuary.

You collected 222 gold pieces.

Inventory:

Hand Weapons
 a - a +0 trident (weapon)
 h - a +1 spear of distortion
Missiles
 d - 5 throwing nets (quivered)
 u - 5 curare-tipped darts
Armour
 b - a +0 leather armour (worn)
 c - a +0 helmet (worn)
 e - a +0 pair of gloves (worn)
 o - a +0 pair of gloves
 v - a +0 cloak
 F - the +2 cloak of Eternity (worn) {Rampage rF+}
   (You found it on level 5 of the Dungeon)

   It protects you from fire.
   It bestows one free step when moving towards enemies.
Jewellery
 i - a +6 ring of intelligence
 j - a ring of protection from cold (left hand)
 E - a +6 ring of dexterity
Wands
 x - a wand of iceblast (6)
 D - a wand of digging (2)
 G - a wand of acid (9)
 H - a wand of polymorph (7)
Scrolls
 f - 6 scrolls of identify {unknown}
 g - 2 scrolls of teleportation {unknown}
 k - 2 scrolls of fog {unknown}
 r - 4 scrolls of enchant armour {unknown}
 s - 2 scrolls of vulnerability {unknown}
 y - a scroll of brand weapon {unknown}
 z - a scroll of silence {unknown}
 A - a scroll of magic mapping {unknown}
 B - a scroll of blinking {unknown}
 L - a scroll of fear {unknown}
 N - a scroll of noise {unknown}
Potions
 l - 2 potions of heal wounds {unknown}
 m - 3 potions of flight {unknown}
 n - 3 potions of resistance {unknown}
 p - a potion of haste
 q - 3 potions of curing
 t - 3 potions of attraction {unknown}
 w - a potion of brilliance {unknown}
 C - a potion of magic {unknown}
 I - a potion of ambrosia
 J - a potion of berserk rage {unknown}
 K - 2 potions of invisibility {unknown}
 M - a potion of lignification {unknown}


   Skills:
 + Level 4.4 Fighting
 + Level 6.9 Polearms
 - Level 2.0 Throwing
 + Level 2.5 Armour
 + Level 6.2 Dodging
 + Level 3.5 Shields
 + Level 2.1 Spellcasting
 + Level 3.2 Transmutations


You had 8 spell levels left.
You knew the following spells:

 Your Spells              Type           Power      Damage    Failure   Level
a - Beastly Appendage     Tmut           12%        N/A       11%         1
b - Wereblood             Tmut           6%         N/A       17%         2

Your spell library contained the following spells:

 Spells                   Type           Power      Damage    Failure   Level
 Spider Form              Tmut/Pois      1%         N/A       54%         3
 Ice Form                 Ice/Tmut       3%         N/A       91%         4
 Hydra Form               Tmut           3%         N/A       97%         5


Dungeon Overview and Level Annotations

Branches:
Dungeon (6/15)            Ossuary (visited)
 Temple: D:4-7

Altars:
Makhleb
Lugonu

Annotations:
D:6 2 runed translucent doors


Innate Abilities, Weirdness & Mutations

((You are quick and stealthy near water. (Stealth+, EV+, Speed+++)))
Your lower body shifts to a powerful aquatic tail in water.


Message History

You puncture the ogre!
The ogre is moderately wounded.
You howl as the wereblood boils in your veins!
The ogre barely misses you.
You puncture the ogre!
The ogre is heavily wounded.
The gnoll completely misses you.
You hit the ogre.
The ogre is heavily wounded.
The ogre closely misses you. The phantom hits you!
The phantom blinks!
You blink.
The centaur shoots an arrow.
The arrow hits you.
The gnoll throws a stone.
The stone hits you. The phantom hits you.
You barely miss the phantom.
The phantom is heavily damaged.
The phantom hits you!
The phantom blinks!
You blink.
Found an escape hatch in the floor.
The gnoll throws a stone.
The stone hits you but does no damage.
The phantom hits you but does no damage.
The phantom barely misses you.
Your primal bloodlust is almost over.
Found a large runed translucent door.
The centaur shoots an arrow.
The arrow hits you!
The centaur shoots an arrow.
The arrow completely misses you.
The kobold shouts!
You hear a shout! x2
Your primal bloodlust has ended.
Found a corrupted altar of Lugonu.
The centaur shoots an arrow.
The arrow closely misses you.
The centaur shoots an arrow.
The arrow hits you!
* * * LOW HITPOINT WARNING * * *
The centaur shoots an arrow.
The arrow hits you.
* * * LOW HITPOINT WARNING * * *
The centaur shoots an arrow.
The arrow hits you.
* * * LOW HITPOINT WARNING * * *
It was a potion of ambrosia.
You are confused.
You feel invigorated.
The centaur shoots an arrow.
The arrow hits you!
* * * LOW HITPOINT WARNING * * *
The phantom hits you.
You die...

.. ....#### ###....##
...# ......####......#.
#... ......#..........
.#...####..............#
......................##
..........c...........##
..........O.............
........................
.......@WgZ.g..>........
.........#++#...........
.......###KK###.........
......# #K.# ###.......
...... ...K #.......
...... ...§.§ #.......
..... ... #....... .....
##....... #........


You could see a phantom, an ogre, a centaur, 2 gnolls and a centaur skeleton.

Vanquished Creatures
  An ice beast (D:5)
  A necrophage (D:5)
  A kobold brigand (D:6)
  A water moccasin zombie (D:6)
  A centaur zombie (Ossuary)
  2 human zombies (Ossuary)
  A bullfrog zombie (D:5)
  A jelly (D:4)
  A hound (D:3)
  An orc priest (D:5)
  A bullfrog skeleton (D:6)
  Natasha (thrice) (D:4)
  An iguana (D:5)
  An orc wizard (D:5)
  A hound zombie (D:5)
  2 mummies (Ossuary)
  4 gnolls
  9 adders
  A white imp (D:5)
  An ufetubus (D:5)
  3 worms (D:3)
  A dart slug (D:3)
  6 orcs
  9 ball pythons
  7 endoplasms
  5 giant cockroaches
  6 goblins
  11 hobgoblins
  3 jackals (D:3)
  16 kobolds
  4 quokkas
  4 bats
  3 frilled lizards
  A goblin zombie (Ossuary)
  6 hobgoblin zombies (Ossuary)
  2 jackal zombies (Ossuary)
  13 kobold zombies (Ossuary)
  9 orc zombies (Ossuary)
  5 rats
  2 rat zombies (Ossuary)
151 creatures vanquished.

Notes
Turn   | Place    | Note
-------+----------+-------------------------------------------
     0 | D:1      | Lemonice the Merfolk Gladiator began the quest for the Orb.
     0 | D:1      | Reached XP level 1. HP: 16/16 MP: 1/1
   113 | D:1      | Found a faded altar of an unknown god.
   217 | D:1      | Reached XP level 2. HP: 23/23 MP: 2/2
   944 | D:2      | Reached XP level 3. HP: 28/28 MP: 3/3
   969 | D:2      | Reached skill level 1 in Shields
  1729 | D:2      | Reached skill level 5 in Polearms
  1844 | D:3      | Reached XP level 4. HP: 31/34 MP: 4/4
  1928 | D:3      | Reached skill level 1 in Armour
  2993 | D:4      | Reached XP level 5. HP: 36/41 MP: 5/5
  3269 | D:4      | Reached skill level 5 in Dodging
  3537 | D:4      | Learned a level 1 spell: Beastly Appendage
  3540 | D:4      | Learned a level 2 spell: Wereblood
  3601 | D:4      | Reached XP level 6. HP: 47/47 MP: 6/6
  3611 | D:4      | Noticed Natasha
  3631 | D:4      | Killed Natasha
  3702 | D:4      | Noticed Natasha
  3706 | D:4      | Killed Natasha
  3893 | D:4      | Noticed Natasha
  3909 | D:4      | Killed Natasha
  3921 | D:5      | Entered Level 5 of the Dungeon
  4224 | D:5      | Reached skill level 1 in Transmutations
  4324 | D:5      | Noticed a necrophage
  4343 | D:5      | Killed a necrophage
  4344 | D:5      | Reached skill level 1 in Spellcasting
  4487 | D:5      | Noticed an ice beast
  4642 | D:5      | Identified the +2 cloak of Eternity {Rampage rF+}
  4700 | D:5      | Reached XP level 7. HP: 32/53 MP: 8/8
  5409 | D:5      | Found a burning altar of Makhleb.
  5593 | D:6      | Found a sand-covered staircase.
  5602 | Ossuary  | Entered an ossuary
  6124 | D:6      | Reached XP level 8. HP: 47/61 MP: 8/10
  6621 | D:6      | Found a large runed translucent door.
  6622 | D:6      | Found a large runed translucent door.
  6627 | D:6      | Found a corrupted altar of Lugonu.
  6630 | D:6      | Identified the +4 rapier "Sium" {distort, rC+}
  6633 | D:6      | HP: 3/61 [centaur/arrow (11)]
  6633 | D:6      | Slain by a phantom

Illustrated notes

Levels and vault maps discovered:
D:1:      minmay_arrival_four_houses, layout_loops_ring,
          shapermc_ecumenical_altar_starsandcircs
D:2:      layout_basic
D:3:      layout_loops_ring
D:4:      layout_rooms, uniq_natasha
D:5:      layout_basic, marbit_many_paths, kennysheep_big_empty_room
D:6:      due_chaos_kobolds, layout_cave_pools,
          lightli_ossuary_entry_decrepit_ruins

Skill      XL: |  1  2  3  4  5  6  7  8 |
---------------+-------------------------+-----
Shields        | 1 2 3 |  3.5
Polearms       | 5 6 |  6.9
Armour         | 1 2 |  2.5
Fighting       | 3 4 |  4.4
Dodging        | 5 6 |  6.2
Transmutations | 1 2 3 |  3.2
Spellcasting   | 1 2 |  2.1
Throwing       | |  2.0

Action                   |  1- 3 |  4- 6 |  7- 9 || total
-------------------------+-------+-------+-------++-------
Melee: Trident           |   127 |   206 |   274 ||   607
       Headbutt          |       |     1 |     2 ||     3
 Cast: Beastly Appendage |       |     1 |     1 ||     2
       Wereblood         |       |       |    10 ||    10
  Use: Potion            |     2 |       |     1 ||     3
 Stab: Sleeping          |     2 |     3 |       ||     5
Armor: Leather armour    |    29 |    49 |   109 ||   187
Dodge: Dodged            |    57 |   146 |   232 ||   435

Table legend: (Time is in decaauts)
 A = Elapsed time spent in this place.
 B = Non-inter-level travel time spent in this place.
 C = Inter-level travel time spent in this place.
 D = Time resting spent in this place.
 E = Time spent auto-exploring this place.
 F = Levels seen in this place.
 G = Mean time per level.
                   A        B        C        D        E       F      G
               +--------+--------+--------+--------+--------+-----+--------+
         Total |   6622 |   6316 |    306 |      0 |   5012 |   7 |  946.0 |
       Dungeon |   6124 |   5818 |    306 |      0 |   4726 |   6 | 1020.7 |
       Ossuary |    498 |    498 |      0 |      0 |    286 |   1 |  498.0 |
               +--------+--------+--------+--------+--------+-----+--------+

Top non-repeatable levels by time:
     D:3: 1397 daAuts
     D:5: 1381 daAuts
     D:4: 982 daAuts
     D:1: 942 daAuts
     D:2: 873 daAuts
     D:6: 546 daAuts
 Ossuary: 498 daAuts
